 Dungeon Crawl Stone Soup version 0.29.1-1-gd02db69 (webtiles) character file.

Game seed: 2386572668595962613

412 Kel the Chopper (level 6, -4/55 HPs)
             Began as a Gargoyle Berserker on Jan 26, 2023.
             Was a Priest of Trog.
             Slain by Pikel
             ... wielding a +1 whip of freezing
              (11 damage)
             ... on level 4 of the Dungeon.
             The game lasted 00:05:29 (3627 turns).

Kel the Chopper (Gargoyle Berserker)                Turns: 3627, Time: 00:05:30

Health: -4/55      AC: 12    Str: 23    XL:     6   Next: 90%
Magic:  6/6        EV: 11    Int:  7    God:    Trog [***...]
Gold:   139        SH:  0    Dex:  9    Spells: 5/5 levels left

rFire   x . .      SeeInvis +   a - +0 hand axe
rCold   + . .      Faith    .   (no shield)
rNeg    + . .      Spirit   .   d - +0 ring mail
rPois   ∞          Reflect  .   p - +2 hat {SInv}
rElec   +          Harm     .   (no cloak)
rCorr   .          Rampage  .   n - +0 pair of gloves
Will    .....                   (no boots)
Stlth   ..........              (no amulet)
HPRegen 0.18/turn               e - ring of ice
MPRegen 0.10/turn               (no ring)

@: berserking, very quick
A: sickness immunity, AC +4, negative energy resistance 1, electricity
resistance, torment resistance 1, petrification resistance
a: Renounce Religion, Berserk, Trog's Hand


You were on level 4 of the Dungeon.
You worshipped Trog.
Trog was most pleased with you.
You visited 1 branch of the dungeon, and saw 4 of its levels.

You collected 167 gold pieces.
You spent 28 gold pieces at shops.

Inventory:

Hand Weapons
 a - a +0 hand axe (weapon)
Armour
 d - a +0 ring mail (worn)
 n - a +0 pair of gloves (worn)
 p - a +2 hat of see invisible (worn)
Jewellery
 e - a ring of ice (left hand)
Wands
 r - a wand of roots (5)
Scrolls
 c - a scroll of summoning {unknown}
 f - a scroll of torment {unknown}
 i - a scroll of vulnerability {unknown}
 j - 2 scrolls of identify
 k - a scroll of acquirement {unknown}
 l - a scroll of butterflies {unknown}
 q - a scroll of immolation {unknown}
 s - a scroll of fear {unknown}
 u - a scroll of noise {unknown}
 v - a scroll of silence {unknown}
Potions
 b - 5 potions of curing
 g - 2 potions of magic
 h - 2 potions of heal wounds
 m - a potion of resistance {unknown}
 o - a potion of haste {unknown}
 t - a potion of brilliance {unknown}


   Skills:
 - Level 3.2 Fighting
 + Level 6.9 Axes
 - Level 2.1 Armour
 - Level 1.5 Dodging


You had 5 spell levels left.
You didn't know any spells.
Your spell library was empty.

Dungeon Overview and Level Annotations

Branches:
Dungeon (4/15)
 Temple: D:4-7

Altars:
Ru

Shops:
D:3 ?*

Annotations:
D:4 Pikel


Innate Abilities, Weirdness & Mutations

You are immune to sickness and miasma.
Your stone body is resilient. (AC +4)
You are immune to poison.
You resist negative energy. (rN+)
You are resistant to electric shocks. (rElec)
You are resistant to unholy torment.
You are immune to petrification.


Message History

The lemure shouts!
You hit the lemure but do no damage. The lemure hits you.
A lemure comes into view.
You hit the lemure but do no damage. The lemure hits you but does no damage.
Pikel, Merchant of Souls comes into view.
He is wielding a +1 whip of freezing.
You barely miss the lemure.
Pikel shouts!
The lemure hits you.
You hit the lemure but do no damage. The lemure misses you.
A red film seems to cover your vision as you go berserk!
You feel yourself moving faster!
You feel mighty! The lemure hits you. x2
You completely miss the lemure. You hit the lemure. The lemure hits you.
The lemure hits you but does no damage.
You slash the lemure!
The lemure is heavily wounded.
You hit the lemure. You hit the lemure.
The lemure is almost dead.
You slash the lemure! The lemure hits you but does no damage.
The lemure closely misses you.
Pikel drinks a potion.
Pikel seems to grow stronger.
You slash the lemure!
You kill the lemure!
That felt strangely unrewarding.
You barely miss the lemure. The lemure misses you.
Pikel hits you but does no damage.
You barely miss Pikel. You hit the lemure but do no damage. You hit the lemure.
The lemure hits you.
Pikel hits you with a +1 whip of freezing!
Pikel freezes you. The lemure hits you!
* * * LOW HITPOINT WARNING * * *
You closely miss Pikel. You completely miss the lemure.
You barely miss the lemure. You hit Pikel.
Pikel is lightly wounded.
You barely miss the lemure. You hit the lemure.
You kill the lemure!
That felt strangely unrewarding.
The lemure hits you.
* * * LOW HITPOINT WARNING * * *
Pikel hits you with a +1 whip of freezing!
You die...

## #############
###.
#...........####...
#...#######...##.#.
#...# ###.##.#.
#...# #....#. #...#
#.####. #.@.# ###
#. #K5.# ## ..5....
.⌠...8?..⌠.
#...........#
##.##...##.## ..
#...# .. #. #...#
.# ..


You could see Pikel (strong) and 2 lemures.

Vanquished Creatures
  Eustachio (D:4)
  2 lemures (D:4)
  A scorpion (D:4)
  A hound (D:4)
  An iguana (D:4)
  Ijyb (D:3)
  3 adders
  2 adder zombies (D:2)
  4 worms
  5 dart slugs
  4 orcs
  5 bats (D:1)
  2 bat skeletons (D:2)
  A bat zombie (D:2)
  6 endoplasms
  3 giant cockroaches
  8 goblins
  3 hobgoblins
  4 jackals (D:2)
  3 quokkas
  6 ball pythons
  4 frilled lizards
  A giant cockroach zombie (D:2)
  7 kobolds
  3 quokka zombies (D:2)
  10 rats
91 creatures vanquished.

Vanquished Creatures (others)
  A withered plant (D:2)
1 creature vanquished.

Grand Total: 92 creatures vanquished

Notes
Turn   | Place    | Note
-------+----------+-------------------------------------------
     0 | D:1      | Kel the Gargoyle Berserker began the quest for the Orb.
     0 | D:1      | Reached XP level 1. HP: 14/14 MP: 1/1
   393 | D:1      | Reached skill level 3 in Axes
   405 | D:1      | Reached XP level 2. HP: 19/19 MP: 2/2
   646 | D:1      | You fall into a shaft and drop 1 floor!
   696 | D:1      | Reached XP level 3. HP: 17/23 MP: 3/3
   802 | D:1      | Reached ** piety under Trog
   932 | D:1      | Reached skill level 4 in Axes
  1335 | D:2      | Reached XP level 4. HP: 21/28 MP: 4/4
  2255 | D:3      | Reached *** piety under Trog
  2415 | D:3      | Reached skill level 5 in Axes
  2558 | D:3      | Found Acvepnua's General Store.
  2561 | D:3      | Noticed Ijyb
  2569 | D:3      | Killed Ijyb
  2570 | D:3      | Reached XP level 5. HP: 29/32 MP: 5/5
  2898 | D:3      | Found Widumahu's Magic Scroll Shop.
  2906 | D:3      | Bought a scroll of identify for 28 gold pieces
  3018 | D:4      | Noticed Eustachio
  3036 | D:4      | Killed Eustachio
  3037 | D:4      | Reached skill level 6 in Axes
  3037 | D:4      | Reached XP level 6. HP: 31/37 MP: 6/6
  3207 | D:4      | Found a sacrificial altar of Ru.
  3616 | D:4      | Noticed Pikel
  3627 | D:4      | Slain by Pikel

Illustrated notes

Levels and vault maps discovered:
D:1:      lightli_arrival_boilingwater, layout_rooms, minmay_rat_gold_closets
D:2:      layout_basic, serial_undead, serial_undead_e, serial_undead_a,
          serial_undead_a, serial_undead_b, serial_undead_b
D:3:      layout_loops_ring, serial_shops, shop, shop,
          minmay_misc_feat_secret_circle, uniq_ijyb
D:4:      layout_loops_cross, nicolae_ru_the_path_less_chosen, serial_glass,
          glass_columns_a, glass_columns_a, glass_columns_c, glass_columns_b,
          feat_on_display, nicolae_elevator_lobby_plus, uniq_eustachio,
          uniq_grinder, uniq_pikel

Skill      XL: |  1  2  3  4  5 |
---------------+----------------+-----
Axes           | 3 4 5 6 |  6.9
Fighting       | |  3.2
Armour         | |  2.1
Dodging        | |  1.5

Action                   |  1- 3 |  4- 6 || total
-------------------------+-------+-------++-------
Melee: Hand axe          |   124 |   189 ||   313
       Punch             |     4 |     1 ||     5
Invok: Berserk           |       |     3 ||     3
  Use: Scroll            |       |     4 ||     4
Armor: Animal skin       |     5 |       ||     5
       Ring mail         |    55 |    91 ||   146
Dodge: Dodged            |    95 |   103 ||   198
